AoeStats
← Cristhian98K

Black Forest

508106903Analyzed
2v2 RM · 12d ago on Sep 20, 2026· 47m 32s· 4 players
Game mode
Random Map
Map size
Medium (4 player)
Population
200
Speed
Normal
Resources
Standard
Victory
Conquest
Starting age
Dark Age
Ending age
Imperial Age
RankedLock teamsTeams togetherTeam positionsShared explorationLock speedFull tech treeHidden civsTurbo modeCheats
Victory
Defeat
🇨🇦 Romans · Canada
739
+14
🇨🇴 Bulgarians · Colombia
703
+16
🇪🇸 Persians · Spain
769
-17
🇺🇸 Slavs · United States
639
-29
b.dohms
1:29 Loom
13:51 Feudal Age
19:13 Castle Age
18:31 Forging
18:39 Scale Mail Armor
18:57 Man-at-Arms
19:46 Scale Barding Armor
19:39 Long Swordsman
20:37 Double-Bit Axe
25:19 Horse Collar
26:43 Iron Casting
28:15 Squires
27:36 Pikeman
28:32 Caravan
30:13 Chain Mail Armor
35:08 Imperial Age
33:18 Wheelbarrow
33:56 Bow Saw
33:50 Heavy Plow
35:41 Chain Barding Armor
36:21 Hand Cart
35:54 Elite Centurion
36:04 Halberdier
38:09 Fortified Wall
38:23 Gold Mining
38:24 Stone Mining
38:22 Legionary
39:40 Crop Rotation
40:44 Comitatenses
40:45 Conscription
41:06 Husbandry
41:18 Bloodlines
45:32 Blast Furnace
45:08 Plate Barding Armor
44:51 Fletching
44:48 Onager
46:46 Block Printing
47:03 Illumination
Cristhian98K
0:30 Loom
12:52 Feudal Age
15:05 Double-Bit Axe
18:16 Horse Collar
18:28 Arson
21:51 Forging
23:56 Castle Age
22:57 Forging
22:49 Scale Mail Armor
24:07 Gold Mining
24:09 Stone Mining
24:24 Fletching
24:24 Town Watch
24:53 Bow Saw
26:10 Heavy Plow
26:08 Gambesons
27:16 Squires
28:35 Chain Mail Armor
28:59 Pikeman
30:41 Iron Casting
31:05 Gold Shaft Mining
32:22 Wheelbarrow
32:36 Caravan
33:45 Stone Shaft Mining
34:00 Hand Cart
34:56 Bodkin Arrow
39:11 Imperial Age
39:20 Capped Ram
41:15 Blast Furnace
41:25 Conscription
40:40 Siege Ram
41:50 Scale Barding Armor
42:31 Crop Rotation
42:53 Plate Mail Armor
43:47 Halberdier
45:44 Bagains
Eko
11:22 Feudal Age
18:27 Castle Age
24:05 Forging
24:00 Scale Mail Armor
29:09 Double-Bit Axe
29:07 Horse Collar
29:24 Gold Mining
32:31 Bow Saw
32:26 Heavy Plow
32:38 Crossbowman
34:32 Iron Casting
33:48 Fletching
33:54 Fletching
34:05 Padded Archer Armor
34:40 Caravan
36:08 Wheelbarrow
36:06 Ballistics
36:48 Scale Barding Armor
37:00 Leather Archer Armor
37:40 Hand Cart
40:02 Imperial Age
39:01 Fortified Wall
39:09 Masonry
39:18 Stone Mining
40:11 Gold Shaft Mining
40:58 Chain Barding Armor
41:16 Iron Casting
41:27 Elite Boyar
42:32 Conscription
nilcot2
1:21 Loom
12:44 Feudal Age
16:51 Castle Age
14:48 Double-Bit Axe
14:44 Horse Collar
15:01 Gold Mining
15:01 Stone Mining
17:58 Wheelbarrow
19:10 Bow Saw
19:05 Heavy Plow
24:40 Hand Cart
24:10 Town Watch
25:36 Town Patrol
28:28 Caravan
30:05 Stone Shaft Mining
30:06 Gold Shaft Mining
30:14 Gold Shaft Mining
32:40 Ballistics
34:56 Imperial Age
34:30 Masonry
34:16 Murder Holes
35:43 Crop Rotation
37:13 Guilds
36:38 Elite War Elephant
37:19 Kamandaran
37:30 Citadels
37:54 Conscription
39:39 Chemistry
40:27 Hoardings
39:23 Sappers
40:18 Scale Barding Armor
40:14 Padded Archer Armor
40:04 Fletching
40:25 Forging
44:56 Chain Barding Armor
44:55 Leather Archer Armor
44:36 Bodkin Arrow
45:19 Iron Casting
Connection lost

Rejoining the realm…

Still unreachable

The connection could not be restored.

Session expired

The server has moved on; the page needs a fresh start.